 Dungeon Crawl Stone Soup version 0.22-a0-414-gacd343e8ff (webtiles) character file.

126 Manul the Twirler (level 4, -5/34 HPs)
             Began as a Demonspawn Gladiator on May 13, 2018.
             Slain by Perturabo's ghost (9 damage)
             ... on level 3 of the Dungeon.
             The game lasted 00:02:17 (1914 turns).

Manul the Twirler (Demonspawn Gladiator)            Turns: 1914, Time: 00:02:18

Health: -5/34      AC:  8    Str: 19    XL:     4   Next: 83%
Magic:  4/4        EV: 12    Int: 10    God:
Gold:   78         SH:  0    Dex: 15    Spells: 3/3 levels left

rFire    . . .     SeeInvis +   a - +0 quarterstaff
rCold    . . .     Gourm    .   (shield currently unavailable)
rNeg     . . .     Faith    .   j - +0 ring mail
rPois    .         Spirit   .   (helmet restricted)
rElec    .         Reflect  .   (no cloak)
rCorr    .         Harm     .   p - +0 pair of gloves
MR       .....                  (no boots)
Stlth    +.........             (no amulet)
HPRegen  0.00/turn              (no ring)
MPRegen  0.09/turn              s - +3 ring of slaying

@: mighty
A: horns 2, icy blue scales 1, see invisible, inhibited regeneration
a: no special abilities


You were on level 3 of the Dungeon.
You were not hungry.

You visited 1 branch of the dungeon, and saw 3 of its levels.

You collected 78 gold pieces.

Inventory:

Hand Weapons
 a - a +0 quarterstaff (weapon)
Missiles
 d - 3 throwing nets (quivered)
Armour
 b - a +0 leather armour
 j - a +0 ring mail (worn)
 p - a +0 pair of gloves (worn)
Jewellery
 s - a +3 ring of slaying (right hand)
Potions
 k - a potion of degeneration {unknown}
 m - a potion of haste {unknown}
 o - a potion of ambrosia {unknown}
Comestibles
 c - 9 chunks of flesh
 f - 4 rations


   Skills:
 + Level 2.6 Fighting
 + Level 3.7 Staves
 + Level 2.1 Throwing
 + Level 1.6 Armour
 + Level 3.3 Dodging


You had 3 spell levels left.
You didn't know any spells.
Your spell library was empty.

Dungeon Overview and Level Annotations

Branches:
Dungeon (3/15)

Altars:

Annotations:
D:3 Perturabo's ghost, amateur DsGl


Innate Abilities, Weirdness & Mutations

You have a pair of horns on your head.
You are partially covered in icy blue scales. (AC +2)
You have supernaturally acute eyesight. (SInv)
You do not regenerate when monsters are visible.


Message History

Perturabo's ghost hits you. The frilled lizard bites you.
You are too injured to fight recklessly!
You are too injured to fight recklessly!
You are too injured to fight recklessly!
You are too injured to fight recklessly!
You are too injured to fight recklessly!
You are too injured to fight recklessly!
You are too injured to fight recklessly!
You are too injured to fight recklessly!
You are too injured to fight recklessly!
Perturabo's ghost hits you.
* * * LOW HITPOINT WARNING * * *
Okay, then.
You aren't carrying any scrolls.
Perturabo's ghost hits you.
* * * LOW HITPOINT WARNING * * *
It was a potion of might.
You feel very mighty all of a sudden. Perturabo's ghost hits you!
You die...

##################
#.................
#.#############.##
#.# ##...# #.#
##..... #@#
##...... #W#
#....... #l#
##....<.
#.###########.....
##.........#
#....#
#.###...######%#
#.#.## #......#
#.### ##.###...#
#.# #.....).## #.#


You could see Perturabo's ghost and a frilled lizard.

Vanquished Creatures
  A gnoll (D:1)
  4 adders
  4 worms
  2 dart slugs
  4 leopard geckos
  6 giant cockroaches
  7 goblins
  6 hobgoblins
  4 jackals (D:2)
  5 kobolds
  A ball python (D:1)
  2 frilled lizards
  12 rats
58 creatures vanquished.

Notes
Turn   | Place    | Note
-------+----------+-------------------------------------------
     0 | D:1      | Manul the Demonspawn Gladiator began the quest for the Orb.
     0 | D:1      | Reached XP level 1. HP: 16/16 MP: 1/1
   200 | D:1      | Gained mutation: You have a pair of small horns on your head. [demonic ancestry]
   200 | D:1      | Reached XP level 2. HP: 20/22 MP: 2/2
   668 | D:1      | Gained mutation: You are partially covered in icy blue scales. (AC +2) [demonic ancestry]
   668 | D:1      | Reached XP level 3. HP: 15/27 MP: 3/3
  1119 | D:2      | Reached skill level 1 in Armour
  1196 | D:2      | Gained mutation: You have a pair of horns on your head. [demonic ancestry]
  1196 | D:2      | Reached XP level 4. HP: 29/34 MP: 4/4
  1729 | D:2      | Gained mutation: Your spells are a little harder to cast, but a little more powerful. [potion of mutation]
  1729 | D:2      | Lost mutation: Your spells are a little harder to cast, but a little more powerful. [potion of mutation]
  1729 | D:2      | Gained mutation: You do not regenerate when monsters are visible. [potion of mutation]
  1729 | D:2      | Gained mutation: You have supernaturally acute eyesight. (SInv) [potion of mutation]
  1899 | D:3      | Noticed Perturabo's ghost (amateur DsGl)
  1914 | D:3      | Slain by Perturabo's ghost

Vault maps used:
D:1:      mushboom_english_gardens
D:2:      first_ration
D:3:      grunt_temple_overflow_open

Skill      XL: |  1  2  3 |
---------------+----------+-----
Throwing       | 2 |  2.1
Staves         | 3 |  3.7
Dodging        | 3 |  3.3
Armour         | 1 |  1.6
Fighting       | |  2.6

Action                   |  1- 3 |  4- 6 || total
-------------------------+-------+-------++-------
Melee: Quarterstaff      |    93 |    68 ||   161
       Headbutt          |     9 |    17 ||    26
  Use: Scroll            |       |     6 ||     6
       Potion            |       |     2 ||     2
  Eat: Chunk             |     1 |     2 ||     3
Armor: Leather armour    |     9 |       ||     9
       Ring mail         |    14 |    27 ||    41
Dodge: Dodged            |    47 |    52 ||    99

Table legend:
 A = Spawn XP
 B = Non-spawn XP
 C = Spawn XP percentage of total XP
 D = Spawn monster count
 E = Non-spawn monster count
 F = Spawn count percentage of total count
 G = Total turns spent on level
                    A         B        C        D         E        F      G
               +---------+---------+-------+---------+---------+-------+---------
         Total |       0 |     180 |   0.0 |       0 |      58 |   0.0 |  1914
               +---------+---------+-------+---------+---------+-------+---------
           D:1 |       0 |      48 |   0.0 |       0 |      20 |   0.0 |  1040
           D:2 |       0 |      93 |   0.0 |       0 |      27 |   0.0 |   708
           D:3 |       0 |      39 |   0.0 |       0 |      11 |   0.0 |   166
               +---------+---------+-------+---------+---------+-------+---------
